Map: Divergence CE

Players

Ekelpack - Winner!

  • Race: Zerg Zerg
  • Spawn Location: 11:00

Nyck - Winner!

  • Race: Terran Terran
  • League: Silver
  • Spawn Location: 11:00

MichasP

  • Race: Terran Terran
  • Spawn Location: 5:00

Kerski

  • Race: Terran Terran
  • Spawn Location: 5:00

VOD

Have the link to the VOD?

Description

Time

  • Played on: Oct. 15, 2024, 12:35 p.m.
  • Length: 12:55
Show
View Real Time Build Order
Export as new Build Order

Ekelpack Zerg - Winner!

Build Orders: Hatch First 

Get SALT Encoding   

  12  0:00  Drone  
  13  0:13  Overlord  
  13  0:18  Drone  
  14  0:34  Drone  
  15  0:48  Drone  
  16  0:53  Hatchery  
  15  1:04  Spawning Pool  
  14  1:08  Drone  
  15  1:12  Extractor  
  15  1:13  Drone  
  15  1:18  Drone  
  16  1:23  Drone  
  17  1:30  Drone  
  18  1:40  Drone  
  19  1:53  Queen  
  21  1:57  Drone  
  22  2:05  Queen  
  24  2:09  Drone  
  24  2:13  Drone  
  26  2:19  Overlord  
  26  2:22  Drone  
  27  2:33  Lair  
  27  2:35  Drone  
  28  2:40  Extractor  
  28  2:41  Drone x2  
  29  2:49  Queen  
  29  2:51  Drone  
  32  2:56  Drone x2  
  34  3:00  Extractor  
  34  3:01  Drone  
  34  3:04  Drone  
  35  3:10  Overlord  
  35  3:11  Drone  
  36  3:33  Zergling x6  
  36  3:34  Zergling x4, Spire  
  41  3:37  Metabolic Boost  
  40  3:44  Extractor  
  39  3:56  Zergling x4  
  39  3:57  Zergling x2  
  42  4:12  Drone  
  42  4:13  Drone  
  44  4:17  Overlord  
  44  4:20  Overlord  
  43  4:38  Zergling x8  
  41  4:39  Zergling x2  
  41  4:47  Zerg Flyer Weapons Level 1  
  41  4:48  Mutalisk  
  41  4:49  Mutalisk x3  
  49  4:53  Drone  
  50  5:03  Mutalisk  
  52  5:11  Mutalisk x2  
  56  5:20  Drone  
  56  5:21  Drone x2  
  59  5:28  Overlord  
  59  5:55  Hatchery  
  58  6:01  Drone x2  
  58  6:02  Drone x5  
  58  6:03  Drone, Overlord  
  66  6:30  Mutalisk x3  
  66  6:31  Mutalisk x2  
  76  6:41  Overlord x2  
  76  6:44  Zerg Flyer Weapons Level 2  
  76  7:07  Infestation Pit, Extractor  
  76  7:08  Extractor  
  69  7:23  Mutalisk x5  
  69  7:24  Mutalisk x3  
  85  7:38  Overlord  
  85  7:39  Drone x5  
  85  7:40  Drone x2  
  92  7:46  Hive  
  92  8:06  Pneumatized Carapace  
  92  8:16  Drone x3  
  95  8:21  Drone  
  95  8:22  Drone x3, Overlord  
  95  8:23  Overlord  
  97  8:42  Mutalisk x4  
  97  8:43  Mutalisk x4  
  113  8:58  Drone x3  
  113  8:59  Overlord x2  
  116  9:05  Zerg Flyer Weapons Level 3  
  116  9:07  Adrenal Glands  
  116  9:09  Ultralisk Cavern  
  111  9:35  Overseer  
  111  9:42  Drone x3  
  114  9:58  Evolution Chamber x2  
  114  9:59  Anabolic Synthesis  
  112  10:15  Hatchery  
  112  10:20  Zergling x14  
  112  10:21  Zergling x4, Ultralisk x2  
  120  10:22  Ultralisk  
  120  10:24  Overlord  
  120  10:25  Overlord x2  
  133  11:00  Ultralisk x4  
  157  11:11  Chitinous Plating  
  157  11:28  Zergling x8, Overlord x2  
  157  11:29  Zergling x6  
  161  11:56  Ultralisk x3  
  177  12:02  Ultralisk  
  177  12:03  Overlord x3  
  183  12:14  Zergling x2, Overlord x2  
  200  12:52  Extractor  
  200  12:53  Extractor  
Show
View Real Time Build Order
Export as new Build Order

Nyck Terran - Winner!

Build Orders:  

Get SALT Encoding   

  12  0:01  SCV  
  13  0:13  SCV  
  14  0:18  Supply Depot  
  14  0:30  SCV  
  15  0:41  Barracks  
  15  0:43  SCV  
  15  0:49  Refinery  
  16  0:55  SCV  
  17  1:00  Barracks  
  17  1:08  SCV  
  18  1:11  Refinery  
  18  1:20  SCV  
  19  1:35  Supply Depot, Marine  
  20  1:41  SCV  
  21  1:48  Marine  
  21  1:51  Factory  
  22  1:55  SCV  
  23  2:03  Marine  
  23  2:07  SCV  
  25  2:15  Barracks Reactor  
  25  2:19  SCV  
  25  2:21  Supply Depot  
  26  2:26  Marine  
  27  2:36  Orbital Command  
  27  2:44  Marine  
  28  2:57  Hellion x2  
  32  3:04  Barracks Tech Lab  
  32  3:08  Starport  
  32  3:11  SCV  
  33  3:18  Hellion  
  33  3:19  Hellion  
  37  3:24  SCV  
  38  3:52  SCV  
  39  3:59  Command Center  
  39  4:02  Supply Depot  
  39  4:16  SCV, Marine  
  41  4:18  Siege Tank  
  44  4:29  SCV  
  42  4:51  Marine  
  43  4:54  Siege Tank  
  46  5:06  Command Center  
  46  5:09  Starport Tech Lab, Marine  
  47  5:16  SCV  
  48  5:27  Marine  
  48  5:28  Siege Tank, SCV  
  53  5:41  SCV  
  54  5:46  Marine  
  55  5:59  Banshee  
  55  6:00  Supply Depot, SCV  
  55  6:04  Marine  
  59  6:05  Supply Depot  
  59  6:06  Orbital Command  
  60  6:15  Siege Tank  
  63  6:28  SCV  
  64  6:39  SCV  
  65  6:41  Supply Depot  
  66  6:49  Barracks Tech Lab  
  66  6:50  Siege Tank  
  66  6:52  Banshee  
  71  7:00  SCV  
  73  7:01  SCV  
  73  7:07  Cloaking Field  
  73  7:09  Supply Depot  
  73  7:13  SCV x2  
  75  7:28  Siege Tank  
  78  7:40  SCV  
  78  7:42  Orbital Command  
  79  7:45  SCV  
  79  7:50  Marine  
  79  7:51  Combat Shield  
  81  7:59  Barracks Reactor  
  81  8:01  Siege Tank  
  84  8:56  SCV  
  84  8:57  SCV x2  
  84  9:00  Marine x3  
  78  9:10  Stimpack  
  90  9:11  Siege Tank  
  93  9:18  SCV  
  93  9:19  SCV x2  
  93  9:22  Engineering Bay  
  96  9:24  Engineering Bay  
  96  9:43  Siege Tank  
  74  10:53  Marine x2  
  74  10:54  Marine  
  74  10:55  Siege Tank  
  75  11:27  Siege Tank  
  78  11:33  SCV x3  
  78  11:36  Refinery  
  81  11:41  Marine x3  
  81  11:42  Refinery  
  81  11:44  Banshee  
  81  11:45  SCV x3  
  90  11:57  SCV  
  90  11:59  Siege Tank, Marine  
  94  12:09  SCV  
  94  12:13  Marine x2  
  97  12:17  Marine  
  97  12:22  SCV x3  
  103  12:31  Marine x2  
  103  12:35  Marine  
  103  12:36  Supply Depot  
  109  12:43  Refinery  
  109  12:45  Refinery  
Show
View Real Time Build Order
Export as new Build Order

MichasP Terran 

Build Orders:  

Get SALT Encoding   

  12  0:01  SCV  
  13  0:17  Supply Depot  
  13  0:29  SCV, Refinery  
  14  0:41  SCV  
  15  0:53  SCV  
  15  0:54  Barracks  
  16  1:05  SCV  
  17  1:17  SCV  
  18  1:19  Barracks  
  18  1:32  SCV  
  19  1:44  SCV  
  19  1:45  Barracks Reactor  
  20  1:56  SCV  
  21  2:08  SCV  
  22  2:13  Barracks Reactor  
  22  2:20  SCV  
  23  2:32  Supply Depot  
  23  2:36  Supply Depot  
  23  2:53  SCV, Marine x4  
  28  3:02  Supply Depot  
  28  3:05  SCV  
  28  3:06  Supply Depot  
  28  3:11  Marine x4  
  33  3:20  SCV  
  34  3:29  Marine x4  
  34  3:32  Refinery  
  38  3:34  Supply Depot  
  38  3:47  Marine x4  
  42  3:57  Supply Depot  
  42  4:04  Marine x4  
  46  4:26  Factory  
  32  4:52  SCV  
  31  4:55  Marine x2  
  33  5:04  SCV  
  34  5:13  Marine x2  
  36  5:19  Engineering Bay  
  36  5:22  Factory  
  36  5:24  Factory Tech Lab  
  36  5:27  Marine x2  
  38  5:32  Marine x2  
  40  5:45  Marine x2  
  40  5:49  Marine  
  42  5:50  Marine  
  44  6:01  Command Center  
  44  6:54  Factory Tech Lab  
  44  7:07  Armory  
  44  7:27  Supply Depot  
  43  8:09  Thor  
  43  8:11  Thor  
  55  8:36  Command Center  
  55  8:52  Thor  
  55  8:54  Thor  
  67  9:34  Thor  
  67  9:37  Thor  
  79  9:44  Supply Depot  
  79  9:45  Supply Depot  
  46  10:48  Marine x2  
  35  10:50  Thor  
  35  10:51  Marine x2  
  42  11:06  Marine x2  
  42  11:09  Marine x2  
  35  11:27  Marine  
Show
View Real Time Build Order
Export as new Build Order

Kerski Terran 

Build Orders:  

Get SALT Encoding   

  12  0:01  SCV  
  13  0:13  SCV  
  14  0:20  Supply Depot  
  14  0:27  SCV  
  15  0:42  SCV  
  16  0:47  Barracks  
  16  0:54  SCV  
  17  0:57  Supply Depot  
  17  1:04  Refinery  
  17  1:06  SCV  
  18  1:18  SCV  
  19  1:28  Refinery  
  19  1:30  SCV  
  20  1:34  Engineering Bay  
  20  1:42  SCV  
  21  1:54  SCV  
  21  1:58  Barracks Reactor  
  22  2:07  SCV  
  23  2:19  SCV  
  24  2:56  Bunker  
  24  3:15  SCV  
  24  3:19  Command Center  
  25  3:22  Factory  
  25  3:26  Marine x2, Bunker  
  27  3:44  Marine x2  
  27  3:46  SCV  
  30  3:55  Supply Depot  
  30  3:59  Bunker  
  30  4:02  Marine  
  31  4:09  Starport  
  31  4:17  Marine  
  31  4:18  Supply Depot  
  31  4:20  Marine  
  33  4:31  Bunker  
  33  4:34  Marine  
  33  4:37  Marine  
  35  4:41  Supply Depot  
  35  4:52  Marine, Viking  
  37  4:55  Marine  
  39  5:02  Bunker  
  39  5:10  Marine, Factory Tech Lab  
  39  5:13  Marine  
  41  5:18  Supply Depot  
  41  5:22  Viking  
  41  5:24  Terran Infantry Weapons Level 1  
  43  5:41  Starport  
  43  5:42  Supply Depot  
  43  5:52  Viking  
  45  6:12  Marine x2  
  39  6:30  Marine x2  
  32  6:47  SCV  
  32  6:48  Marine x2  
  35  6:56  SCV  
  35  6:59  SCV  
  37  7:06  Marine x2  
  40  7:08  SCV  
  40  7:12  SCV  
  41  7:18  Terran Infantry Armor Level 1  
  41  7:20  SCV  
  42  7:24  SCV  
  43  7:32  SCV  
  43  7:36  SCV  
  45  7:38  Starport Tech Lab  
  45  7:44  SCV  
  45  7:45  Missile Turret  
  45  7:48  SCV  
  47  7:57  SCV  
  48  8:05  Missile Turret  
  48  8:09  SCV  
  49  8:16  Marine  
  49  8:17  Fusion Core, Marine  
  51  8:21  SCV  
  52  8:28  Missile Turret  
  52  8:33  SCV  
  53  8:34  Marine x2  
  52  8:52  Marine x2  
  53  9:09  Missile Turret  
  53  9:10  Marine  
  53  9:24  Missile Turret  
  52  9:29  Missile Turret  
  52  9:44  Missile Turret, Command Center  
  52  9:48  Missile Turret  
  52  10:03  Missile Turret  
  52  10:08  Missile Turret  
  50  10:21  Missile Turret  
  42  10:40  Battlecruiser  
  31  11:24  Refinery  
  31  11:25  SCV  
  24  11:37  SCV  
  24  11:39  Hellion  
  27  11:49  SCV  
  30  12:01  SCV  
  25  12:13  SCV  
Tags
 
Add a new tag
Caveats
  • Supply blocks, unpowered buildings, or Contaminate may cause inaccurate times.
  • Supply counts are checked every 10 seconds.